Tone V, chaotic female elven Wizard --- --- ---.--------- --.-- |........--.-- ---- |...-- --............| --..--- --...| --.............| --.....-- --..-| --- --------------|...........---- |.......| |....| --.---.............|..........-- |.....-.| ---.--.--- |...|...----------.|..........-- |......-- |...-|...| |..--.------ |.............--- --.....| ----- ---....|--.--- |.....--|..| --......---.....| |-...-----...--- |......| |...| --- |--....--..|---- --......| |.....-- |....---.......---......| ---.--- --.----.........---..| |......-| --.....| --.....@<.............--- |...| |...--...............| --......-- |.....| ----....^--.|.----.--...| ---.----................|.-- |.......| |.....| |........|----- |......--- |..------............---- --.....-- --....| |.....---- -------......| |....................| |..---- --...-- ---->-- |..|.|.......-- ------...............-- ---- |....| --- |.........-...| |.....--.........| --..-- --....|.|.....| |....-----.......| ---- --..------..-- |..--- --------- ---- ---- ---- Tone V the Conjurer Experience level: 5 Strength: 10 Dexterity: 13 Constitution: 16 Intelligence: 20 Wisdom: 8 Charisma: 10 Health: 0(44) Energy: 13(43) Def: 1 Gold: 271 Moves: 1633 Dungeon seed: ZFvmSsa6GkMeITE8 Game ID: Tone V_1529447047 Your Inventory: Coins $ - 271 gold pieces Weapons a - a blessed +1 quarterstaff (weapon in hands) w - a +0 elven dagger x - a blessed +1 dagger Armor e - an uncursed +0 cloak of magic resistance (being worn) Comestibles u - a cursed lichen corpse A - 2 uncursed candy bars Scrolls i - an uncursed scroll of taming j - 2 uncursed scrolls of light k - a cursed scroll of destroy armor y - a blessed scroll of confuse monster B - an uncursed scroll of magic mapping C - a cursed scroll of create monster F - a cursed scroll of magic mapping G - 2 cursed scrolls of create monster J - a cursed scroll of enchant weapon K - an uncursed scroll of stinking cloud M - a blessed scroll of enchant armor N - a cursed scroll of taming Spellbooks l - a blessed spellbook of force bolt m - a cursed spellbook of sleep Potions f - 2 uncursed potions of fruit juice g - a cursed potion of monster detection h - a cursed potion of restore ability r - an uncursed potion of confusion s - a blessed potion of see invisible Z - a blessed potion of speed Rings c - an uncursed ring of stealth d - an uncursed ring of teleport control (on left hand) Wands b - a blessed wand of magic missile (0:8) q - a blessed wand of digging (0:3) Tools n - a blessed tooled horn t - a blessed oil lamp (0:1171) z - a blessed tin whistle R - an uncursed bugle U - a blessed sack W - 3 cursed tallow candles (0:200) X - an uncursed lock pick Spells and supernatural/magical abilities: Name Level Category Fail Memory a - force bolt 1 attack 0% 92% z - sleep 1 enchantment 0% 92% W - pray for help -- divine ? -- Your skills at the end: Fighting Skills Weapon Skills quarterstaff [Basic] Spellcasting Skills attack spells [Basic] enchantment spells [Basic] Final Attributes: You were piously aligned. You were sleep resistant. You were magic-protected. You had infravision. You had teleport control. You were lucky. You are dead. Vanquished creatures: a dog 3 gnome lords a gnomish wizard a Kop Lieutenant 2 dwarves a homunculus an iguana a coyote a hobbit a giant rat 11 gnomes 7 garter snakes a fox 2 sewer rats 5 grid bugs 2 lichens a kobold zombie 2 newts 44 creatures vanquished. Genocided species: elves Woodland-elves Green-elves Grey-elves elf-lords Elvenkings doppelgangers nurses soldiers sergeants lieutenants captains watchmen watch captains wizards 15 species genocided. Voluntary challenges: You were vegetarian. You used a wielded weapon 42 times, starting on turn 65. You read items or engraved 81 times, starting on turn 771. You genocided 15 types of monsters, starting on turn 1633. You never polymorphed an object. You never changed form. You used no wishes. You never split a pudding. You wrote Elbereth's name 71 times, starting on turn 1282. You never violated your personal moral code. Dungeon overview: The Dungeons of Doom: levels 1 to 6 Level 1 a long staircase Level 2 a wand shop Level 3 a general store, an altar to Thoth, some fountains Level 4 a scroll shop, a fountain, a sink stairs to The Gnomish Mines Level 5 Level 6 The Gnomish Mines: levels 5 to 8 Level 5 <- You were here stairs to The Dungeons of Doom Level 6 Level 7 Level 8 some shops, some fountains History has recorded: On T:1 you entered the Dungeons of Doom to retrieve the Amulet of Yendor! On T:54 you reached level 2 of The Dungeons of Doom. On T:250 you reached level 3 of The Dungeons of Doom. On T:365 you advanced to experience level 2. On T:564 you reached level 4 of The Dungeons of Doom. On T:651 you reached level 5 of The Dungeons of Doom. On T:693 you reached level 6 of The Dungeons of Doom. On T:1085 you advanced to experience level 3. On T:1140 you reached level 1 of The Gnomish Mines. On T:1153 you reached level 2 of The Gnomish Mines. On T:1176 you advanced to experience level 4. On T:1256 you advanced to experience level 5. On T:1265 you reached level 3 of The Gnomish Mines. On T:1310 you reached level 4 of The Gnomish Mines. Score breakdown: Gold: 271 ( 8281 points) Experience: 5 levels (11141 points) Exploration: 8 levels ( 16.33%) (11456 points) Discoveries: 10 items ( 3.62%) ( 5710 points) Valuables value: (no points given unless you survive) Artifact value: 0 ( 0 points) Variety of kills: 18 monsters ( 4.72%) ( 6520 points) Turncount: 1633 turns ( 0 points) Survival: died (score multiplied by 80%) Total score: 34486 Latest messages: You aren't permitted to genocide humans. You aren't permitted to genocide wererats. You aren't permitted to genocide werejackals. You aren't permitted to genocide werewolves. Wiped out all elves. You die. Wiped out all Woodland-elves. Wiped out all Green-elves. Wiped out all Grey-elves. Wiped out all elf-lords. Wiped out all Elvenkings. Wiped out all doppelgangers. Wiped out all nurses. Wiped out all soldiers. Wiped out all sergeants. Wiped out all lieutenants. Wiped out all captains. Wiped out all watchmen. Wiped out all watch captains. Wiped out all wizards. The sack is empty. Final status: Goodbye Tone V the Wizard, wiped out by a blessed scroll of genocide... You were wiped out in The Gnomish Mines on dungeon level 5 with 34486 points, and 271 pieces of gold, after 1633 moves. You were level 5 with a maximum of 44 hit points when you were wiped out.